 Dungeon Crawl Stone Soup version 0.31-a0-700-gf13585253f (webtiles) character file.

Game seed: 5623814849114151260

929 qw the Skirmisher (level 8, -1/50 HPs)
             Began as a Gargoyle Hunter on Sept 7, 2023.
             Slain by a killer bee (5 damage)
             ... on level 5 of the Dungeon.
             The game lasted 00:01:20 (3400 turns).

qw the Skirmisher (Gargoyle Hunter)                 Turns: 3400, Time: 00:01:21

Health: -1/50      AC:  9    Str: 13    XL:     8   Next: 11%
Magic:  8/8        EV: 12    Int: 10    God:
Gold:   130        SH:  5    Dex: 14    Spells: 7/7 levels left

rFire   . . .        Y - +0 shortbow
rCold   + . .        (shield currently unavailable)
rNeg    + + .        c - +0 leather armour
rPois   inf          (no helmet)
rElec   +            (no cloak)
rCorr   .            n - +0 pair of gloves
SInv    .            (no boots)
Will    +....        i - amulet of reflection
Stlth   +            g - ring of positive energy
HPRegen 0.28/turn    e - ring "Vuocwy" {rC+ Will+ Dex-5 Slay+2}
MPRegen 0.11/turn

%: reflection
@: about to teleport
A: sickness immunity, AC +5, negative energy resistance 1, electricity
resistance, torment resistance 1, petrification resistance, agile 1, noise
suppression
a: no special abilities


You were on level 5 of the Dungeon.
You visited 2 branches of the dungeon, and saw 6 of its levels.

You collected 237 gold pieces.
You spent 107 gold pieces at shops.


Innate Abilities, Weirdness & Mutations

You are immune to sickness and miasma.
Your stone body is resilient. (AC +5)
You are immune to poison.
You resist negative energy. (rN+)
You are resistant to electric shocks. (rElec)
You are resistant to unholy torment.
You are immune to petrification.
You are agile. (Dex +4, Str/Int -1)
You passively dampen the noise of your surroundings.


   Skills:
 - Level 5.5 Fighting
 + Level 8.4 Ranged Weapons
 - Level 1.1 Armour
 - Level 2.0 Dodging
 - Level 1.1 Stealth


You had 7 spell levels left.
You didn't know any spells.
Your spell library was empty.

Inventory:

Hand Weapons
 Y - a +0 shortbow (weapon)
Armour
 c - a +0 leather armour (worn)
 n - a +0 pair of gloves (worn)
Jewellery
 e - the ring "Vuocwy" (right hand) {rC+ Will+ Dex-5 Slay+2}
   (You found it on level 2 of the Dungeon)

   [ring of protection from cold]

   Dex-5:     It affects your dexterity (-5).
   Slay+2:    It affects your accuracy & damage with ranged weapons and melee
   (+2).
   rC+:       It protects you from cold.
   Will+:     It increases your willpower.
 g - a ring of positive energy (left hand)
 i - an amulet of reflection (around neck)
Scrolls
 a - 3 scrolls of identify
 j - a scroll of teleportation
Potions
 b - a potion of enlightenment
 f - 2 potions of mutation
 h - a potion of haste
 k - a potion of resistance

Dungeon Overview and Level Annotations

Branches:
Dungeon (5/15)             Temple (1/1) D:5

Altars:
Ashenzari
Cheibriados
Dithmenos
Elyvilon
Fedhas
Gozag
Hepliaklqana
Kikubaaqudgha
Makhleb
Nemelex Xobeh
Ru
Trog
Uskayaw
Vehumet
Wu Jian
Xom
Yredelemnul
Zin
The Shining One

Shops:
D:3 *:


Message History

The killer bee is severely wounded.
You block the killer bee's attack. The killer bee misses you.
You shoot an arrow. The killer bee buzzes angrily.
The arrow hits the killer bee.
The killer bee is almost dead.
The killer bee stings you but does no damage.
The killer bee barely misses you. The killer bee stings you.
You block the killer bee's attack.
You shoot an arrow. The arrow barely misses the killer bee.
You block the killer bee's attack. The killer bee closely misses you.
The killer bee stings you.
The killer bee stings you but does no damage.
You shoot an arrow.
The arrow closely misses the killer bee.
The killer bee closely misses you. You block the killer bee's attack.
The killer bee barely misses you. You block the killer bee's attack.
You shoot an arrow. The arrow hits the killer bee.
The killer bee is almost dead.
The killer bee barely misses you.
The killer bee stings you but does no damage.
The killer bee closely misses you. The killer bee completely misses you.
You shoot an arrow. The arrow barely misses the killer bee.
The killer bee stings you but does no damage.
The killer bee misses you. The killer bee closely misses you. x2
You shoot an arrow. The arrow barely misses the killer bee.
The killer bee stings you. The killer bee stings you!
The killer bee stings you. The killer bee closely misses you.
You shoot an arrow.
The arrow closely misses the killer bee.
You block the killer bee's attack. The killer bee completely misses you.
The killer bee stings you! You block the killer bee's attack.
3399 ||| READING 2 scrolls of teleportation.
As you read the scroll of teleportation, it crumbles to dust.
You feel strangely unstable. You block the killer bee's attack.
The killer bee closely misses you. You block the killer bee's attack.
The killer bee stings you.
You shoot an arrow. The arrow barely misses the killer bee.
The killer bee barely misses you. The killer bee stings you.
You die...

........P.P. ....#####
.#######....##.##+##....#
##
.....y.#....#...#P.+....#
#.
..#....#......>....#....#
#. ...y.#....#...#P##....#
#.
...#....##.##.......#####.
#.+....#P.P........#.....
#......#y.'........+.....
##.##..#@.#........##.###
#.....y####?...#'###.##>
#)...###.## #....+......#.
##.#.##...# #....#.....%#.
#.#....### #....#......'.
. ##.## #....##.###.#. ##
#. #######.###.## ...
.......... # ..........


You could see 2 killer bees.

Vanquished Creatures
  Sigmund (D:5)
  Eustachio (D:5)
  A water moccasin (D:5)
  An ogre (D:4)
  A phantom (D:5)
  A killer bee (D:5)
  A jelly (D:5)
  A hound (D:4)
  Jessica (D:3)
  4 iguanas
  3 gnolls (D:5)
  3 adders
  A worm (D:3)
  4 dart slugs
  An orc (D:4)
  7 ball pythons
  5 bats
  5 endoplasms
  7 giant cockroaches
  6 goblins
  5 hobgoblins
  4 jackals (D:1)
  4 quokkas
  4 frilled lizards
  2 kobolds (D:1)
  6 rats
80 creatures vanquished.

Notes
Turn   | Place    | Note
-------+----------+-------------------------------------------
     0 | D:1      | qw the Gargoyle Hunter began the quest for the Orb.
     0 | D:1      | Reached XP level 1. HP: 12/12 MP: 1/1
     0 | D:1      | 0 ||| qw: Version: 0.3-a-76-g4403597
     0 | D:1      | 0 ||| qw: Game counter: 717
     0 | D:1      | 0 ||| qw: Melee chars always use a shield: true
     0 | D:1      | 0 ||| qw: God list: Okawaru
     0 | D:1      | 0 ||| qw: Allow faded altars: false
     0 | D:1      | 0 ||| qw: Do Orc after clearing Dungeon:15 true
     0 | D:1      | 0 ||| qw: Do second Lair branch before Depths: true
     0 | D:1      | 0 ||| qw: Lair rune preference: random
     0 | D:1      | 0 ||| qw: Goals: Normal
     0 | D:1      | 0 ||| PLANNING D:1-11
   102 | D:1      | Reached XP level 2. HP: 17/17 MP: 2/2
   253 | D:1      | Reached XP level 3. HP: 21/21 MP: 3/3
   312 | D:1      | Reached skill level 5 in Ranged Weapons
   841 | D:1      | 841 ||| UPGRADING to amulet of reflection.
   846 | D:1      | 846 ||| UPGRADING to ring of positive energy.
   847 | D:1      | 847 ||| READING 3 scrolls labelled NOAKEU PYAGEMO.
   848 | D:1      | 848 ||| READING scroll labelled KOWAQE FECAE.
   849 | D:1      | 849 ||| READING scroll labelled ZILAHE BEGGOBB.
   850 | D:1      | 850 ||| READING scroll labelled LIRIAVV TUOR.
   853 | D:1      | 853 ||| DRINKING 3 puce potions.
   853 | D:1      | Gained mutation: You have hidden genetic potential. [potion
                  | of mutation]
   854 | D:1      | 854 ||| DRINKING 2 ruby potions.
   897 | D:1      | 897 ||| READING 2 scrolls of identify.
   897 | D:1      | 897 ||| IDENTIFYING fuming red potion
   898 | D:1      | 898 ||| DROPPING scroll of butterflies.
   899 | D:1      | 899 ||| DROPPING potion of lignification.
  1106 | D:2      | Identified the ring "Vuocwy" {rC+ Will+ Dex-5 Slay+2}
  1127 | D:2      | Reached skill level 3 in Fighting
  1127 | D:2      | Reached XP level 4. HP: 28/28 MP: 4/4
  1453 | D:2      | 1453 ||| UPGRADING to ring "Vuocwy" {rC+ Will+ Dex-5
                  | Slay+2}.
  1454 | D:2      | 1454 ||| READING scroll labelled ALLERR XAEDUPS.
  1455 | D:2      | 1455 ||| DRINKING 2 blue potions.
  1505 | D:3      | Found Puol's Assorted Antiques.
  1520 | D:3      | 1520 ||| BUYING brass wand (88 gold).
  1520 | D:3      | Bought a brass wand for 88 gold pieces
  1520 | D:3      | 1520 ||| BUYING bubbling purple potion (19 gold).
  1520 | D:3      | Bought a bubbling purple potion for 19 gold pieces
  1520 | D:3      | 1520 ||| SHOPLISTING potion of curing (66 gold, have 14).
  1520 | D:3      | 1520 ||| SHOPLISTING potion of mutation (176 gold, have
                  | 14).
  1520 | D:3      | 1520 ||| SHOPLISTING scroll labelled SINEUPRIRO (22 gold,
                  | have 14).
  1520 | D:3      | 1520 ||| SHOPLISTING scroll of identify (44 gold, have 14).
  1526 | D:3      | Found a faded altar of an unknown god.
  1610 | D:3      | Found a snail-covered altar of Cheibriados.
  1721 | D:3      | Noticed Jessica
  1726 | D:3      | Killed Jessica
  1727 | D:3      | Reached XP level 5. HP: 32/32 MP: 5/5
  1801 | D:3      | Found Qaetsuich's Book Shoppe.
  2133 | D:3      | 2133 ||| UPGRADING to +0 pair of gloves.
  2138 | D:3      | 2138 ||| READING scroll labelled UZUIDI WUNOWK.
  2157 | D:3      | 2157 ||| READING 4 scrolls of identify.
  2157 | D:3      | 2157 ||| IDENTIFYING viscous sapphire potion
  2158 | D:3      | 2158 ||| READING 3 scrolls of identify.
  2158 | D:3      | 2158 ||| IDENTIFYING bubbling purple potion
  2159 | D:3      | 2159 ||| DROPPING wand of flame (28).
  2160 | D:3      | 2160 ||| DROPPING potion of degeneration.
  2209 | D:4      | Found a glowing silver altar of Zin.
  2288 | D:4      | Gained mutation: You are agile. (Dex +4, Str/Int -1)
                  | [hidden potential]
  2316 | D:4      | Noticed an ogre
  2328 | D:4      | Killed an ogre
  2329 | D:4      | Reached skill level 6 in Ranged Weapons
  2329 | D:4      | Reached XP level 6. HP: 19/37 MP: 6/6
  2428 | D:4      | Reached skill level 1 in Armour
  2469 | D:4      | Found a glowing golden altar of the Shining One.
  2982 | D:4      | 2982 ||| DROPPING +6 ring of intelligence.
  2983 | D:4      | 2983 ||| READING 4 scrolls of identify.
  2983 | D:4      | 2983 ||| IDENTIFYING golden potion
  3037 | D:5      | Entered Level 5 of the Dungeon
  3070 | D:5      | Noticed a water moccasin
  3084 | D:5      | Killed a water moccasin
  3085 | D:5      | Reached skill level 7 in Ranged Weapons
  3114 | D:5      | Noticed Sigmund
  3122 | D:5      | 3122 ||| DRINKING potion of curing.
  3122 | D:5      | 3122 ||| (to cure confusion)
  3124 | D:5      | Killed Sigmund
  3125 | D:5      | Reached skill level 8 in Ranged Weapons
  3125 | D:5      | Reached XP level 7. HP: 42/43 MP: 7/7
  3132 | D:5      | Gained mutation: You passively dampen the noise of your
                  | surroundings. [hidden potential]
  3132 | D:5      | Lost mutation: You have hidden genetic potential. [hidden
                  | potential expressed]
  3183 | D:5      | Noticed Eustachio
  3204 | D:5      | Killed Eustachio
  3343 | D:5      | Found a staircase to the Ecumenical Temple.
  3344 | D:5      | 3344 ||| PLANNING TEMPLE
  3344 | D:5      | 3344 ||| READING scroll labelled COW XEOMUSINIB.
  3355 | D:5      | Reached XP level 8. HP: 50/50 MP: 8/8
  3358 | Temple   | Entered the Ecumenical Temple
  3359 | Temple   | 3359 ||| PLANNING D:1-11
  3368 | D:5      | 3368 ||| RETREATING.
  3369 | D:5      | 3369 ||| Stepping ~*~*~tactically~*~*~ (retreating).
  3370 | D:5      | 3370 ||| Stepping ~*~*~tactically~*~*~ (retreating).
  3375 | D:5      | 3375 ||| Stepping ~*~*~tactically~*~*~ (retreating).
  3376 | D:5      | 3376 ||| Stepping ~*~*~tactically~*~*~ (retreating).
  3377 | D:5      | 3377 ||| Stepping ~*~*~tactically~*~*~ (retreating).
  3378 | D:5      | 3378 ||| Stepping ~*~*~tactically~*~*~ (retreating).
  3398 | D:5      | HP: 7/50 [killer bee (7)]
  3399 | D:5      | 3399 ||| READING 2 scrolls of teleportation.
  3399 | D:5      | HP: 3/50 [killer bee (4)]
  3400 | D:5      | Slain by a killer bee

Levels and vault maps discovered:
D:1:      shiori_arrival_elements, layout_loops_ring, minmay_tiny_reverse_x
D:2:      layout_loops_cross, chequers_decorated_corner
D:3:      layout_basic, mainiacjoe_overflow_cross_hatched,
          hellmonk_ecumenical_altar_zigzags, serial_shops,
          nicolae_shop_gibbet_a_chance, shop, uniq_jessica
D:4:      layout_basic, mainiacjoe_overflow_alcove_1,
          nicolae_overflow_crystal_walls
D:5:      layout_gridville, mainiacjoe_overflow_alcove_2,
          minmay_temple_entry_gardened_gates, nicolae_letterblocks
          [nicolae_letter_subblock, nicolae_letter_subblock,
          nicolae_letter_subblock, nicolae_letter_subblock,
          nicolae_letter_subblock, nicolae_letter_subblock,
          nicolae_letter_subblock, nicolae_letter_subblock,
          nicolae_letter_subblock, nicolae_letter_subblock,
          nicolae_letter_subblock, nicolae_letter_subblock,
          nicolae_letter_subblock, nicolae_letter_subblock,
          nicolae_letter_subblock, nicolae_letter_subblock,
          nicolae_letter_subblock, nicolae_letter_subblock,
          nicolae_letter_subblock, nicolae_letter_subblock,
          nicolae_letter_subblock, nicolae_letter_subblock,
          nicolae_letter_subblock, nicolae_letter_subblock,
          nicolae_letter_subblock], uniq_eustachio, uniq_sigmund, uniq_edmund
Temple:   regret_index_temple_sphere_string

Skill      XL: |  1  2  3  4  5  6  7 |
---------------+----------------------+-----
Ranged Weapons | 5 6 8 |  8.4
Fighting       | 3 4 5 |  5.5
Armour         | 1 |  1.1
Dodging        | 2 |  2.0
Stealth        | |  1.1

Action                     |  1- 3 |  4- 6 |  7- 9 || total
---------------------------+-------+-------+-------++-------
   Fire: Shortbow          |   105 |   130 |    69 ||   304
    Use: Scroll            |     5 |     5 |     2 ||    12
         Potion            |     2 |     2 |       ||     4
 Armour: Leather armour    |    24 |    20 |    33 ||    77
  Dodge: Dodged            |    38 |    10 |    39 ||    87
  Block: Other             |       |    13 |    21 ||    34

Table legend:
 A = Non-vault XP
 B = Vault XP
 C = Vault XP percentage of total XP
 D = Non-vault monster count
 E = Vault monster count
 F = Vault count percentage of total count
                 A         B        C        D         E       F
            +---------+---------+-------+---------+---------+-------
      Total |     870 |     458 |  34.5 |      75 |       5 |   6.2
            +---------+---------+-------+---------+---------+-------
        D:1 |      55 |       4 |   6.8 |      29 |       2 |   6.5
        D:2 |      49 |       0 |   0.0 |      11 |       0 |   0.0
        D:3 |      33 |      37 |  52.9 |      16 |       1 |   5.9
        D:4 |     225 |       0 |   0.0 |       8 |       0 |   0.0
        D:5 |     508 |     417 |  45.1 |      11 |       2 |  15.4
            +---------+---------+-------+---------+---------+-------
